AoeStats
← ramnsten

Nomad

508241938Analyzed
4v4 RM · 11d ago on Sep 21, 2026· 48m 50s· 8 players
Game mode
Random Map
Map size
231×231
Population
200
Speed
Normal
Resources
Standard
Victory
Conquest
Starting age
Dark Age
Ending age
Imperial Age
RankedLock teamsTeams togetherTeam positionsShared explorationLock speedFull tech treeHidden civsTurbo modeCheats
Victory
Defeat
🇬🇧 Celts · United Kingdom
652
+15
🇩🇪 Japanese · Germany
619
+16
🇩🇰 Japanese · Denmark
597
+17
🇬🇧 Franks · United Kingdom
530
+21
🇧🇷 Franks · Brazil
655
-18
🇦🇷 Britons · Argentina
635
-18
🇩🇪 Bohemians · Germany
612
-17
🇧🇷 Huns · Brazil
605
-16
segurancadigitaljc
Andrew2405
18:21 Feudal Age
20:41 Wheelbarrow
19:52 Town Watch
20:54 Double-Bit Axe
20:56 Horse Collar
25:42 Castle Age
23:26 Fishing Lines
27:15 Hand Cart
27:01 Town Patrol
29:43 Bow Saw
31:27 Gillnets
33:33 Chemistry
32:53 Ballistics
32:44 Masonry
32:15 Treadmill Crane
38:36 Imperial Age
36:41 Padded Archer Armor
36:42 Scale Mail Armor
36:53 Forging
36:34 Fletching
38:43 Houfnice
40:07 Demolition Ship
40:58 Medium Warships
41:02 Siphons
41:09 Clinker Construction
41:10 Careening
46:13 Conscription
ramnsten
14:24 Feudal Age
16:20 Double-Bit Axe
21:00 Wheelbarrow
23:42 Gold Mining
25:30 Scale Barding Armor
28:48 Castle Age
29:23 Stone Mining
30:09 Gold Shaft Mining
35:04 Chain Barding Armor
37:18 Padded Archer Armor
37:19 Scale Mail Armor
39:12 Bow Saw
40:31 Chain Mail Armor
40:26 Forging
40:09 Fletching
40:35 Leather Archer Armor
41:10 Husbandry
40:32 Light Cavalry
43:29 Hand Cart
Maxi10cn6561
16:38 Feudal Age
19:14 Wheelbarrow
24:35 Horse Collar
27:07 Gold Mining
29:19 Castle Age
27:40 Double-Bit Axe
33:20 Loom
34:59 Hand Cart
36:29 Stone Mining
37:16 Gold Shaft Mining
39:25 Imperial Age
38:21 Heavy Plow
39:27 Fishing Lines
40:29 Medium Warships
41:00 Conscription
43:39 Town Watch
greninja88
3:46 Loom
16:31 Feudal Age
18:30 Double-Bit Axe
28:37 Castle Age
27:12 Wheelbarrow
26:23 Town Watch
26:43 Fletching
27:16 Forging
27:21 Stone Mining
27:23 Gold Mining
28:30 Town Watch
28:55 Pikeman
29:48 Squires
30:13 Town Watch
30:42 Scale Mail Armor
30:43 Padded Archer Armor
30:58 Scale Barding Armor
32:42 Bow Saw
33:37 Hand Cart
36:15 Bodkin Arrow
36:56 Iron Casting
37:58 Gold Shaft Mining
39:59 Husbandry
43:35 Imperial Age
41:49 Town Patrol
43:06 Murder Holes
43:33 Ballistics
43:06 Guard Tower
43:27 Fortified Wall
44:41 Conscription
45:08 Cavalier
49:39 Blast Furnace
woojt92
10:06 Loom
22:22 Feudal Age
23:50 Wheelbarrow
23:01 Town Watch
23:05 Double-Bit Axe
23:06 Fishing Lines
23:22 Gold Mining
23:24 Stone Mining
24:10 Horse Collar
28:06 Castle Age
27:30 Forging
27:21 Scale Mail Armor
27:12 Fletching
29:14 Hand Cart
29:14 Bow Saw
29:58 Gold Shaft Mining
30:29 Gillnets
36:31 Arson
36:48 Squires
40:28 Imperial Age
38:31 Heavy Plow
39:44 Iron Casting
39:25 Chain Mail Armor
39:06 Bodkin Arrow
40:03 Treadmill Crane
40:35 Fortified Wall
40:22 Guard Tower
40:31 Murder Holes
41:19 Town Patrol
42:22 Keep
41:57 Bracer
42:27 Elite Samurai
44:10 Blast Furnace
43:41 Plate Mail Armor
45:10 Yasama
45:31 Kataparuto
45:43 Ballistics
46:25 Chemistry
45:11 Arrowslits
BlacKHazE.
10:54 Loom
18:09 Feudal Age
19:43 Double-Bit Axe
19:43 Fishing Lines
20:44 Wheelbarrow
22:07 Gold Mining
22:45 Stone Mining
27:56 Town Watch
28:43 Man-at-Arms
29:08 Arson
29:44 Bloodlines
32:20 Castle Age
30:13 Fletching
30:25 Scale Mail Armor
30:36 Forging
32:54 Gillnets
33:53 Gambesons
33:29 Long Swordsman
34:10 Squires
34:50 Medium Warships
34:38 Bodkin Arrow
34:57 Bow Saw
34:27 Light Cavalry
35:08 Husbandry
35:47 Gold Shaft Mining
36:50 Fortified Wall
36:36 Murder Holes
37:12 Careening
39:41 Imperial Age
37:31 Chain Mail Armor
37:51 Iron Casting
39:43 Cavalier
40:15 Elite Samurai
41:16 Conscription
40:18 Two-Handed Swordsman
41:41 Ballistics
42:19 Kataparuto
45:25 Heavy Warships
47:20 Two-Man Saw
49:36 Plate Mail Armor
HolyKanolie
5:44 Loom
20:54 Feudal Age
21:38 Double-Bit Axe
22:37 Wheelbarrow
21:49 Town Watch
25:23 Castle Age
23:28 Fishing Lines
24:35 Fletching
24:57 Forging
24:53 Scale Barding Armor
25:02 Gold Mining
25:02 Stone Mining
25:47 Light Cavalry
26:29 Husbandry
27:07 Town Patrol
27:25 Hand Cart
28:52 Bodkin Arrow
30:14 Horse Collar
31:26 Heavy Plow
33:35 Stone Shaft Mining
32:49 Treadmill Crane
33:01 Guard Tower
33:32 Ballistics
34:57 Town Patrol
34:56 Gillnets
35:05 Murder Holes
35:48 Masonry
36:15 Iron Casting
36:58 Bow Saw
40:54 Imperial Age
40:00 Gold Shaft Mining
40:10 Chain Barding Armor
41:25 Hussar
43:08 Blast Furnace
42:46 Keep
41:57 Arrowslits
42:18 Siege Engineers
43:14 Chemistry
43:13 Scale Mail Armor
43:14 Padded Archer Armor
45:52 Conscription
46:13 Stronghold
46:59 Hoardings
Connection lost

Rejoining the realm…

Still unreachable

The connection could not be restored.

Session expired

The server has moved on; the page needs a fresh start.